[Event "German Bundesliga 2021-22"]
[Site "Germany"]
[Date "2022.05.01"]
[Round "6.1"]
[White "Volokitin, Andrei"]
[Black "Navara, David"]
[Result "1/2-1/2"]
[ECO "C50"]
[WhiteElo "2687"]
[BlackElo "2693"]
[Annotator "TA"]
[PlyCount "58"]
[EventDate "2022.03.05"]
[EventType "team-tourn"]
[EventCountry "GER"]
[SourceTitle "playchess.com"]
[Source "ChessBase"]
[SourceQuality "1"]
[TimeControl "40/5400+30:1800+30"]

1. e4 e5 2. Nf3 Nc6 3. Bc4 Bc5 4. O-O Nf6 5. d3 O-O 6. h3 d6 7. c3 h6 8. Re1 a5 {[%emt 0:00:00] 8...Bb6 is setting a new trend. C54: Giuoco Piano: 4 c3 Nf6, main lines with 5 d4 and 5 d3.} 9. Nbd2 Be6 10. Bb5 Bb6 11. Nf1 Ne7 12. Ng3 Nd7 {[%emt 0:00:00] The position is equal.} 13. d4 {[%emt 0:02:03] Black must now prevent d5.} f5 $1 14. dxe5 (14. exf5 {with more complications.} Nxf5 15. dxe5 Nxe5 16. Nxe5 dxe5 17. Qxd8 Raxd8 18. Nxf5 Rxf5 19. Be3) 14... Nxe5 {[%emt 0:00:00] [#]} 15. Nxe5 $146 (15. exf5 {looks sharper.} Nxf5 16. Nxe5 dxe5 17. Qxd8 Raxd8 18. Nxf5 Rxf5 19. Be3) ({Predecessor:} 15. Nd4 Bc8 16. exf5 Nxf5 17. Ngxf5 Bxf5 18. Be3 Bd7 19. f4 Bxd4 20. Bxd4 Bxb5 21. fxe5 {1-0 (66) Ding,L (2791)-Nakamura,H (2736) Chess.com INT 2020}) 15... dxe5 16. Qxd8 Raxd8 17. exf5 Nxf5 18. Nxf5 Bxf5 (18... Rxf5 $5 19. Be3 Bxe3 20. Rxe3 Rd2 $11) 19. Be3 Bxe3 20. Rxe3 Rd2 21. Re2 Rxe2 22. Bxe2 $11 {[%emt 0:00:03][%mdl 4096] Endgame KRB-KRB} Rd8 23. Bc4+ Kf8 24. Re1 e4 25. Kf1 Rd2 26. Re2 Rd1+ 27. Re1 Rd2 28. Re2 Rd1+ 29. Re1 Rd2 {[%emt 0:00:06] An even fight not without its subleties.  Weighted Error Value: White=0.05 (flawless) /Black=0.02 (flawless)} 1/2-1/2

[Event "German Bundesliga 2021-22"]
[Site "Germany"]
[Date "2022.05.01"]
[Round "6.1"]
[White "Huschenbeth, Niclas"]
[Black "Nisipeanu, Liviu-Dieter"]
[Result "1/2-1/2"]
[ECO "B62"]
[WhiteElo "2611"]
[BlackElo "2652"]
[Annotator "TA"]
[PlyCount "51"]
[EventDate "2022.03.05"]
[EventType "team-tourn"]
[EventCountry "GER"]
[SourceTitle "playchess.com"]
[Source "ChessBase"]
[SourceQuality "1"]
[TimeControl "40/5400+30:1800+30"]

1. e4 c5 2. Nf3 e6 3. d4 cxd4 4. Nxd4 Nf6 5. Nc3 Nc6 6. Qd3 d6 7. Bg5 Be7 {[%emt 0:05:22] 7...Bd7 is setting a new trend.} 8. O-O-O O-O 9. h4 {[%emt 0:18:57] B62: Sicilian: Richter-Rauzer: 6...e6: Unusual White 7th moves.} Bd7 {[%emt 0:23:33] [#]} 10. Be2 $146 ({Predecessor:} 10. Ndb5 Ne5 11. Qg3 Nh5 12. Qh3 Bxg5+ 13. hxg5 Qxg5+ 14. Kb1 Bxb5 15. Bxb5 Nf6 16. Rdf1 Qh6 {0-1 (58) Sadhwani,R (2555)-Kotronias,V (2517) Banja Vrujci 2021}) 10... Rc8 11. Qg3 Nxd4 12. Rxd4 $40 {[%emt 0:00:30][%mdl 128] White has some attack.} Qc7 (12... Qa5 $1 $11) 13. h5 $16 {[%emt 0:00:30] White is more active.} d5 {[%emt 0:00:30] aiming for ...Nxe4.} 14. Bf4 (14. exd5 Nxd5 15. Bxe7 (15. Rxd5 Qxg3 16. fxg3 exd5 $11) 15... Nxe7 $14) 14... Qb6 15. Be5 Rxc3 16. Qxc3 {[%emt 0:04:58] Qg3 is the strong threat.} ({Inferior is} 16. bxc3 Ba3+ 17. Kd2 Qxd4+ $3 18. cxd4 Nxe4+ 19. Ke3 Nxg3 20. Bxg3 Ba4 $17) 16... Nxe4 {[%emt 0:00:44] [#]} 17. Rxe4 dxe4 18. Bxg7 {[%emt 0:06:06] Strongly threatening Qg3.} (18. Qg3 f6 19. Bf4 e5 $17) 18... Qxf2 (18... Bg5+ $142 19. Kb1 Rc8) 19. Bxf8 Bxf8 {[%emt 0:00:09] [#]} 20. h6 Qxe2 $11 {[%emt 0:03:03] The position is equal.} 21. Qg3+ Kh8 {[%emt 0:00:03] Hoping for ...f5.} 22. Qe5+ Kg8 $1 23. Qg5+ Kh8 24. Qf6+ Kg8 25. Qg5+ Kh8 26. Qf6+ {[%emt 0:05:41] Weighted Error Value: White=0.11 (very precise) /Black=0.12 (very precise)} 1/2-1/2

[Event "German Bundesliga 2021-22"]
[Site "Germany"]
[Date "2022.05.01"]
[Round "6.2"]
[White "Svane, Rasmus"]
[Black "Van Foreest, Jorden"]
[Result "1/2-1/2"]
[ECO "E16"]
[WhiteElo "2637"]
[BlackElo "2702"]
[Annotator "TA"]
[PlyCount "47"]
[EventDate "2022.03.05"]
[EventType "team-tourn"]
[EventCountry "GER"]
[SourceTitle "playchess.com"]
[Source "ChessBase"]
[SourceQuality "1"]
[TimeControl "40/5400+30:1800+30"]

1. d4 Nf6 2. c4 e6 3. Nf3 b6 4. g3 Bb7 5. Bg2 Bb4+ 6. Bd2 Be7 7. Nc3 c6 8. O-O O-O 9. e4 d5 10. exd5 cxd5 11. Ne5 Nc6 12. Bg5 {[%emt 0:18:51] The position is equal.} Rc8 {[%emt 0:05:39] E16: Queen's Indian: 4 g3 Bb7 5 Bg2 Bb4+.} 13. Bxf6 (13. Nxc6 {is interesting.} Bxc6 14. Bxf6 Bxf6 15. cxd5 exd5 16. Qd3) 13... Bxf6 14. cxd5 Nxe5 15. dxe5 Bxe5 16. dxe6 Bxg2 {[%emt 0:02:00] This bishop pair is nice.} 17. exf7+ Rxf7 18. Kxg2 Qxd1 19. Rfxd1 Bxc3 20. bxc3 Rxc3 $11 {[%emt 0:00:37] KRR-KRR} 21. Rd8+ Rf8 22. Rd2 {[%emt 0:00:08] [#]} Re8 $146 ({Predecessor:} 22... Rc7 23. Re1 Rf5 24. Re4 Kf7 25. h4 h5 26. a4 Re7 27. Red4 g6 28. Rc2 Kg7 29. Rd6 Ref7 30. Rd4 Re7 31. Rd6 Ref7 {½-½ (31) Juhasz,K (2438)-Saric,A (2557) Austria 2019}) 23. Rd7 Rc2 24. Rxa7 {[%emt 0:03:00] An interesting draw.  Weighted Error Value: White=0.00 (flawless) /Black=0.00 (flawless)} 1/2-1/2

[Event "German Bundesliga 2021-22"]
[Site "Germany"]
[Date "2022.05.01"]
[Round "6.2"]
[White "Bartel, Mateusz"]
[Black "Alonso Rosell, Alvar"]
[Result "1/2-1/2"]
[ECO "B12"]
[WhiteElo "2616"]
[BlackElo "2570"]
[Annotator "TA"]
[PlyCount "69"]
[EventDate "2022.03.05"]
[EventType "team-tourn"]
[EventCountry "GER"]
[SourceTitle "playchess.com"]
[Source "ChessBase"]
[SourceQuality "1"]
[TimeControl "40/5400+30:1800+30"]

1. e4 c6 2. d4 d5 3. e5 c5 4. Nf3 cxd4 5. Nxd4 Nc6 6. Nxc6 {[%emt 0:00:03] B12: Caro-Kann: Advance Variation.} bxc6 7. Bd3 e6 8. Nd2 Ne7 9. Nf3 Ba6 10. O-O Bxd3 {[%emt 0:00:19] [#]} 11. Qxd3 $146 ({Predecessor:} 11. cxd3 Nf5 12. Bg5 Qd7 13. d4 h6 14. Bd2 Rb8 15. g4 Ne7 16. b4 Nc8 17. Qc2 Nb6 18. Rab1 Be7 19. Rb3 Nc4 20. Kg2 {½-½ (20) Szyszylo,R (2258)-Stenner,P (2242) Germany 2019}) 11... Qd7 12. Bd2 c5 13. c4 Nc6 14. Rfe1 Be7 15. Rac1 h6 16. a3 O-O 17. b4 cxb4 18. cxd5 exd5 19. Qb5 Nb8 20. Qxd7 Nxd7 21. Rc7 Rfd8 22. axb4 Bf8 23. Ra1 Nb6 24. Kf1 Nc4 25. Bc3 a6 26. Ke2 Rdb8 27. Ra4 Rb6 {[%emt 0:00:26] Prevents Rc6. The position is equal.} 28. Kd3 Rab8 29. Rd7 Rg6 {[%emt 0:00:54] [#] Hoping for ...Nb6.} 30. Bd4 ({Not} 30. Rxd5 $2 Nb6 31. Rda5 Nxa4 32. Rxa4 Rxg2 $19) 30... Nb6 31. Bxb6 Rgxb6 32. Rxd5 Bxb4 33. Nd4 Be1 34. f4 Rb2 35. Ra1 {[%emt 0:08:58] Weighted Error Value: White=0.04 (flawless) /Black=0.06 (flawless)} 1/2-1/2

[Event "German Bundesliga 2021-22"]
[Site "Germany"]
[Date "2022.05.01"]
[Round "6.2"]
[White "Nguyen, Thai Dai Van"]
[Black "Banusz, Tamas"]
[Result "1/2-1/2"]
[ECO "C42"]
[WhiteElo "2613"]
[BlackElo "2598"]
[Annotator "TA"]
[PlyCount "57"]
[EventDate "2022.03.05"]
[EventType "team-tourn"]
[EventCountry "GER"]
[SourceTitle "playchess.com"]
[Source "ChessBase"]
[SourceQuality "1"]
[TimeControl "40/5400+30:1800+30"]

1. e4 e5 2. Nf3 Nf6 3. Nxe5 d6 4. Nf3 Nxe4 5. d4 d5 6. Bd3 Bf5 {[%emt 0:00:00] 6...Bd6 is becoming the main line. C42: Petroff Defence: 3 Nxe5 and unusual White 3rd moves.} 7. O-O Be7 8. Ne5 Nd7 9. Nc3 Nxc3 10. bxc3 Bxd3 11. cxd3 O-O 12. Rb1 Rb8 {[%emt 0:08:07] [#]} 13. Qa4 $146 ({Predecessor:} 13. f4 f6 14. Ng4 f5 15. Ne5 Nxe5 16. fxe5 Qd7 17. Rb2 b5 18. Be3 a5 19. Rbf2 {½-½ (33) Ponomariov,R (2682)-Gelfand,B (2719) Hengshui 2019}) 13... Nxe5 14. dxe5 Qe8 15. Qxa7 Qc6 16. Qa5 b6 {[%emt 0:08:08] The position is equal.} 17. Qb5 Qxc3 18. Bb2 Qc5 19. Qb3 Qc6 20. f4 f5 21. Rfc1 Qd7 22. Qc3 c5 23. e6 {[%emt 0:00:20][%csl Gb2][%cal Rc3g7] [#]} d4 24. exd7 dxc3 25. Bxc3 Rfd8 26. Be5 Rb7 27. a4 Rdxd7 28. Rb3 Kf7 29. Kf1 {[%emt 0:03:02] Weighted Error Value: White=0.05 (flawless) /Black=0.03 (flawless)} 1/2-1/2

[Event "German Bundesliga 2021-22"]
[Site "Germany"]
[Date "2022.05.01"]
[Round "6.3"]
[White "Ragger, Markus"]
[Black "Hansen, Sune Berg"]
[Result "1-0"]
[ECO "B12"]
[WhiteElo "2656"]
[BlackElo "2527"]
[Annotator "TA"]
[PlyCount "65"]
[EventDate "2022.03.05"]
[EventType "team-tourn"]
[EventCountry "GER"]
[SourceTitle "playchess.com"]
[Source "ChessBase"]
[SourceQuality "1"]
[TimeControl "40/5400+30:1800+30"]

1. e4 c6 2. d4 d5 3. e5 c5 4. dxc5 e6 5. Nf3 Bxc5 6. a3 {[%emt 0:00:00] B12: Caro-Kann: Advance Variation.} Ne7 7. b4 Bb6 8. Nbd2 $5 {[%emt 0:00:32][%mdl 4] The position is equal. An interesting side line.} Ng6 9. Bb2 a5 {[%emt 0:16:03] [#]} 10. h4 $146 ({Predecessor:} 10. b5 Nd7 11. c4 O-O 12. Be2 Bc7 13. O-O Ndxe5 14. Qb3 Nf4 15. Nxe5 Nxe2+ 16. Kh1 {½-½ (64) Magold,F (1859)-Macias Pino,D (2126) Bratislava 2019}) 10... h5 11. b5 ({But not} 11. Bb5+ Nc6 $11) 11... Nd7 12. Bd3 Nf4 13. g3 Nxd3+ 14. cxd3 Nc5 (14... a4 $1 $11) 15. Qc2 $1 $16 Bd7 (15... a4 $1 $14) 16. a4 $1 Rc8 {[%emt 0:09:26][%cal Oc5e4] [#]} 17. Qb1 $1 Rh6 (17... O-O $16) 18. d4 (18. O-O $18 {has better winning chances.}) 18... Nxa4 19. Rxa4 {[%emt 0:01:03] Black must now prevent Ba3.} Bxb5 20. Ra3 Qd7 (20... Ba6 $142 21. Bc3 Qe7) 21. Bc3 a4 22. Kd1 Bd8 23. Re1 Bc4 (23... Kf8 $16 24. Bb4+ Kg8) 24. Bb4 Qb5 25. Bc5 Qxb1+ 26. Nxb1 Ba5 (26... b6 $16) 27. Ree3 $18 b5 28. Ne1 Kd7 29. Nc2 Rhh8 {[%emt 0:00:04] [#] Loses the game.} (29... Rg8 $16) 30. Rf3 $1 Ke8 31. Nd2 Rc6 $2 (31... Bd8 32. Ne3 Be7) 32. Ra1 Rh6 $2 (32... Bxd2 33. Kxd2 Rc7) 33. Nxc4 {[%emt 0:00:38] Weighted Error Value: White=0.17 (very precise) /Black=0.45} 1-0

[Event "German Bundesliga 2021-22"]
[Site "Germany"]
[Date "2022.05.01"]
[Round "6.3"]
[White "Orlov, Andrey"]
[Black "Fridman, Daniel"]
[Result "1/2-1/2"]
[ECO "C43"]
[WhiteElo "2490"]
[BlackElo "2626"]
[Annotator "TA"]
[PlyCount "40"]
[EventDate "2022.03.05"]
[EventType "team-tourn"]
[EventCountry "GER"]
[SourceTitle "playchess.com"]
[Source "ChessBase"]
[SourceQuality "1"]
[TimeControl "40/5400+30:1800+30"]

1. e4 e5 2. Nf3 Nf6 3. d4 Nxe4 4. dxe5 Bc5 5. Bc4 Nxf2 {[%emt 0:00:37] The position is equal.} ({Don't do} 5... Bxf2+ 6. Kf1 d5 7. Qxd5 Qxd5 8. Bxd5 $16) 6. Bxf7+ $1 {[%emt 0:00:00][%mdl 64] [#] Decoy. C43: Petroff Defence: 3 d4.} Kxf7 7. Qd5+ Kg6 8. Qxc5 Nxh1 9. Nc3 {[%emt 0:00:00] aiming for Nd5.} h6 ({Much less strong is} 9... d5 10. Nxd5 h6 11. Qc4 $16) 10. Qc4 Kh7 {[%emt 0:01:30] Hoping for ...Re8.} 11. Nd5 Re8 $1 {[%emt 0:02:30] [#] Strongly threatening ...c6.} 12. Qe4+ Kh8 {[%emt 0:01:17] ...d6 is the strong threat.} 13. Bxh6 gxh6 14. Qf4 $1 Re6 {[%emt 0:01:31] White must now prevent ...d6.} 15. Nxc7 $1 {[%emt 0:01:34] [#]} Qxc7 $146 ({Predecessor:} 15... Rg6 16. Nxa8 d5 17. O-O-O Bg4 18. e6 Bxf3 19. gxf3 Nc6 20. Nc7 Nf2 21. Rxd5 Qe7 {½-½ (28) Fenwick,J (2437)-Remis Fernandez,J (2412) ICCF email 2013}) 16. Qf8+ Kh7 17. Qf7+ Kh8 18. Qf8+ Kh7 19. Qf7+ Kh8 20. Qf8+ Kh7 {An interesting draw.  Weighted Error Value: White=0.00 (flawless) /Black=0.00 (flawless)} 1/2-1/2

[Event "German Bundesliga 2021-22"]
[Site "Germany"]
[Date "2022.05.01"]
[Round "6.3"]
[White "Johansson, Linus"]
[Black "Vogel, Roven"]
[Result "1-0"]
[ECO "D35"]
[WhiteElo "2473"]
[BlackElo "2452"]
[Annotator "TA"]
[PlyCount "113"]
[EventDate "2022.03.05"]
[EventType "team-tourn"]
[EventCountry "GER"]
[SourceTitle "playchess.com"]
[Source "ChessBase"]
[SourceQuality "1"]
[TimeControl "40/5400+30:1800+30"]

1. d4 Nf6 2. c4 e6 3. Nc3 d5 4. cxd5 exd5 5. Bg5 Be7 6. e3 O-O 7. Bd3 h6 8. Bf4 Re8 {[%emt 0:04:22] 8...c5 is the modern continuation. D35: Queen's Gambit Declined: Exchange Variation.} 9. h3 Bd6 {[%emt 0:10:38] Hoping for ...Bxf4.} 10. Nge2 c6 {[%emt 0:00:20] White has an edge.} 11. Qc2 a5 12. O-O {[%emt 0:00:00][%cal Be1g1,Bg1f1,Bf1g2,Bg2h2][%mdl 32] [#]} Nh5 $146 ({Predecessor:} 12... b5 13. Rac1 Bb7 14. e4 Bxf4 15. Nxf4 dxe4 16. Nxe4 Nxe4 17. Bxe4 Qxd4 18. Bh7+ Kf8 {½-½ (36) Thistlewood,A (1617)-Pointon,M ICCF email 2017}) 13. Bxd6 Qxd6 14. Na4 Nd7 15. Rfc1 Qe7 16. Kf1 Qd6 17. g4 Nhf6 18. Kg2 h5 19. g5 $36 {[%emt 0:03:47][%mdl 2048] Black is under pressure.} Ne4 20. Bxe4 dxe4 21. Nf4 Qe7 22. Kh2 Qxg5 23. Rg1 Qh4 (23... Qe7 $11 {is more appropriate.}) 24. Rg3 $1 $14 Nf8 (24... g6 $14) 25. Nb6 Rb8 26. Rag1 $1 Ng6 $2 (26... g6 $16) 27. Nxg6 {[%emt 0:10:52] Active counter play!} (27. Qb3 $142 Be6 28. Nxe6 Rxe6 29. Rxg6 Rxg6 30. Rxg6) 27... fxg6 $18 28. Nxc8 {[%emt 0:00:04] Dancing on a razor blade.} Rbxc8 29. Qb3+ Kh8 30. Qxb7 Qe7 31. Qxe7 Rxe7 32. Rxg6 {[%emt 0:00:11][%mdl 4096] Endgame KRR-KRR} c5 33. d5 Rf8 34. R1g2 a4 35. Ra6 Rb7 36. Rxa4 Rxb2 37. Rxe4 {[%emt 0:00:06] And now f4 would win.} Rfxf2 (37... Rd2 38. f4 Rxd5) 38. Rxf2 Rxf2+ {[%emt 0:00:05] KR-KR} 39. Kg3 Rd2 40. Re8+ Kh7 41. e4 g5 42. a4 Rd3+ 43. Kg2 c4 44. Rc8 Kg7 45. a5 {[%emt 0:00:00] Black must now prevent a6.} Kf6 46. Rxc4 Ra3 47. Rc8 Rxa5 {[%emt 0:00:00] [#]} 48. Re8 $1 Ra2+ 49. Kf3 Ra3+ {[%emt 0:00:00] [#]} 50. Ke2 $1 Rxh3 (50... Kf7 $18 51. Re5 Rxh3 52. Rxg5 h4) 51. d6 {[%emt 0:00:00] White mates.} Rh2+ 52. Kd3 Rh1 53. Kc2 Rh2+ 54. Kc3 Rh1 55. d7 Rd1 56. d8=Q+ Rxd8 57. Rxd8 {[%emt 0:00:00] Weighted Error Value: White=0.10 (very precise) /Black=0.47} 1-0

[Event "German Bundesliga 2021-22"]
[Site "Germany"]
[Date "2022.05.01"]
[Round "6.4"]
[White "Neiksans, Arturs"]
[Black "Berelowitsch, Alexander"]
[Result "1-0"]
[ECO "A90"]
[WhiteElo "2577"]
[BlackElo "2504"]
[Annotator "TA"]
[PlyCount "85"]
[EventDate "2022.03.05"]
[EventType "team-tourn"]
[EventCountry "GER"]
[SourceTitle "playchess.com"]
[Source "ChessBase"]
[SourceQuality "1"]
[TimeControl "40/5400+30:1800+30"]

1. d4 e6 2. c4 f5 3. g3 Nf6 4. Bg2 Bb4+ 5. Nd2 O-O 6. Ngf3 d6 7. O-O Bxd2 8. Qxd2 Qe7 9. b3 {[%emt 0:01:15] A90: Dutch Defence: Miscellaneous and Modern Stonewall (with ...Bd6).} e5 10. dxe5 dxe5 11. Bb2 {[%emt 0:00:06] White is slightly better.} Nc6 12. Qc3 Re8 13. Rad1 a5 {[%emt 0:03:59] [#]} 14. Ne1 $146 ({Predecessor:} 14. a3 Bd7 15. Rfe1 Kh8 16. Nd2 e4 17. Nf1 Be6 18. Ne3 Rad8 19. c5 Nd5 20. Nxd5 Bxd5 {½-½ (35) Michiels,B (2533)-Alienkin,A (2394) Belgium 2015}) 14... Nd4 15. Kh1 (15. Rd2 $5 ) 15... Nxe2 16. Qd2 Nd4 17. Bxd4 exd4 18. Qxd4 Ra6 19. Nc2 Rd6 20. Qf4 Rxd1 21. Rxd1 Qe5 22. Qxe5 Rxe5 23. f4 Re8 24. Bf3 Kf7 25. Kg1 h6 26. h4 Bd7 27. Kf2 a4 (27... b6 $11) 28. Ne3 (28. Bxb7 $16 {With the idea b4.} axb3 29. axb3) 28... axb3 $11 29. axb3 b6 30. Ra1 Ke7 31. Ke2 Kd6 32. Kd3 g6 33. Rd1 Rg8 34. Kc3+ (34. b4 {keeps more tension.} g5 35. c5+ bxc5 36. Kc4+) 34... Ke7 35. Re1 {[%emt 0:00:26] [#] aiming for Nd5+.} Kd8 36. Ra1 Ke7 37. Ra7 g5 38. Nd5+ ({Don't play} 38. Rxc7 $6 gxf4 39. gxf4 Kd8 40. Rxd7+ Nxd7 $11) 38... Nxd5+ 39. Bxd5 ({Don't go for} 39. cxd5 $2 gxf4 40. Kd4 fxg3 $19) 39... Rg7 {[%emt 0:00:32][%mdl 8192] [#] This move loses the game for Black.} (39... Rc8 $1 $14) 40. Rxc7 $18 gxf4 41. gxf4 Rg4 (41... Rg3+ $142 42. Kb4 Rg4) 42. Rb7 Kd8 43. Kd4 {[%emt 0:00:00] Weighted Error Value: White=0.06 (flawless) /Black=0.32} 1-0

[Event "German Bundesliga 2021-22"]
[Site "Germany"]
[Date "2022.05.01"]
[Round "6.4"]
[White "Ernst, Sipke"]
[Black "Tari, Aryan"]
[Result "0-1"]
[ECO "E46"]
[WhiteElo "2532"]
[BlackElo "2650"]
[Annotator "TA"]
[PlyCount "92"]
[EventDate "2022.03.05"]
[EventType "team-tourn"]
[EventCountry "GER"]
[SourceTitle "playchess.com"]
[Source "ChessBase"]
[SourceQuality "1"]
[TimeControl "40/5400+30:1800+30"]

1. d4 Nf6 2. c4 e6 3. Nc3 Bb4 4. e3 O-O 5. Bd2 c5 6. Nf3 cxd4 7. Nxd4 Nc6 8. a3 {[%emt 0:00:33] is cutting edge theory.} Be7 9. Be2 {[%emt 0:13:47] A32: Symmetrical English: 2 Nf3 Nf6 3 d4 cxd4 4 Nxd4 e6.} d5 10. cxd5 Nxd4 11. exd4 {[%emt 0:00:05] The position is equal.} exd5 {[%emt 0:15:02] [#]} 12. Qb3 $146 ({Predecessor:} 12. O-O Qb6 13. Bg5 Be6 14. Na4 Qd6 15. Nc5 b6 16. Nxe6 fxe6 17. b4 a5 18. Bd2 {0-1 (66) Koutsourakis,E (1265)-Gratseas,S (2094) Heraklion 2014}) 12... Be6 13. Bf4 (13. Qxb7 Rb8 14. Qxa7 Rxb2 $11) 13... Bd6 14. Bg5 h6 15. Bh4 g5 16. Bg3 Ne4 17. Nxe4 (17. Bd3 $11) 17... dxe4 $15 18. Qxb7 (18. Qe3 $15) 18... Rb8 $1 $36 {[%emt 0:05:28][%mdl 2048] Keeping White busy.} 19. Qxe4 {[%emt 0:11:54] [#] Bd3 is the strong threat.} Bd5 $1 20. Qc2 (20. Qxd5 $2 Bb4+ $1 21. axb4 Qxd5 $19) 20... Bxg2 21. Rg1 Qa5+ 22. Qd2 (22. Qc3 $2 Bb4 $1 23. axb4 Qxa1+ 24. Bd1 Rbc8 $1 $19) 22... Qxd2+ {[%emt 0:04:10][%mdl 64] Remove Defender} 23. Kxd2 Rxb2+ 24. Kc3 Rxe2 {[%emt 0:00:51] Black is much more active.} 25. Rxg2 Bxg3 26. hxg3 {[%emt 0:00:05][%mdl 4096] Endgame KRR-KRR} Rc8+ 27. Kd3 Rb2 28. a4 Kg7 29. Ra3 {[%emt 0:00:48] [#]} Rc1 $1 30. Ke4 Rd1 31. a5 Rb4 (31... h5 $17 32. Rc3 Kg6) 32. Rd3 $15 f5+ 33. Ke3 Re1+ 34. Kd2 $1 Ra1 35. d5 Rxa5 (35... Rc4 $17 36. d6 Rcc1) 36. d6 Rb2+ 37. Ke3 $2 (37. Kc1 $1 $15 Rb8 38. Kd2) 37... Ra4 $2 (37... Re5+ $19 38. Kd4 Rbb5) 38. g4 (38. d7 $2 {gets mated.} Re4+ 39. Kf3 g4#) (38. Rg1 $11 Re4+ 39. Kf3 g4+ 40. Kg2) 38... Re4+ $17 (38... fxg4 $2 39. d7 Rb8 40. d8=Q Rxd8 41. Rxd8 $18) 39. Kf3 Rf4+ 40. Ke3 Re4+ ({Better is} 40... fxg4 $17 {Strongly threatening ...Rf3+.} 41. Rg3 (41. d7 $2 Rf3+ 42. Kd4 Rb4+ 43. Kc3 Rb3+ 44. Kxb3 Rxd3+ 45. Kc2 Rxd7 $19) 41... Rb8) 41. Kf3 $11 Rf4+ ({Black should try} 41... Rb8 $11) 42. Ke3 $17 fxg4 {[%emt 0:00:00] Hoping for ...Rf3+.} 43. Rd5 $2 ({Don't go for} 43. d7 $2 Rf3+ 44. Kd4 Rb4+ 45. Kc3 {[#]} Rb3+ $3 46. Kxb3 Rxd3+ 47. Kc4 Rxd7 48. Rxg4 Kg6 $19) (43. Rg3 $17 Rb8 44. f3) 43... Kf6 {[%emt 0:00:00] aiming for ...Ke6.} 44. Rh2 $2 ({But not} 44. d7 Rf3+ 45. Kd4 Rd2+ 46. Kc4 Rxd5 47. Kxd5 Ke7 48. Rxg4 Kxd7 $19) (44. Rg3 Ra4 45. Kd3 (45. d7 $2 Ra3+ 46. Rd3 Rxd3+ 47. Kxd3 Ke7 $19)) 44... Ke6 45. Rd1 Ke5 46. d7 Rf3# {Weighted Error Value: White=0.76/Black=0.22 (precise)} 0-1

[Event "German Bundesliga 2021-22"]
[Site "Germany"]
[Date "2022.05.01"]
[Round "6.4"]
[White "Neef, Maximilian"]
[Black "Lokander, Martin"]
[Result "0-1"]
[ECO "A37"]
[WhiteElo "2504"]
[BlackElo "2473"]
[Annotator "TA"]
[PlyCount "80"]
[EventDate "2022.03.05"]
[EventType "team-tourn"]
[EventCountry "GER"]
[SourceTitle "playchess.com"]
[Source "ChessBase"]
[SourceQuality "1"]
[TimeControl "40/5400+30:1800+30"]

1. Nf3 c5 2. g3 g6 3. Bg2 Bg7 4. c4 Nc6 5. Nc3 e6 6. d3 Nge7 7. h4 h6 {[%emt 0:00:00] A37: Symmetrical English vs ...g6: 4 Bg2 Bg7 5 Nf3.} 8. Bd2 d5 9. Rb1 b6 {[%emt 0:00:00] The position is equal.} 10. a3 Bb7 11. O-O O-O 12. Qc1 Kh7 13. b4 cxb4 14. axb4 dxc4 15. dxc4 Nf5 16. c5 bxc5 (16... Ne5 $14) 17. bxc5 $16 {[%emt 0:00:07] [#]} Rb8 $146 ({Predecessor:} 17... Ba6 18. Qa3 Qc8 19. Rfc1 Rd8 20. Ne4 Rd5 21. Bc3 Ncd4 22. Nxd4 Nxd4 23. Bxd4 Bxd4 24. e3 Bg7 25. Nd6 Qc6 26. Bxd5 exd5 27. Rb4 Rf8 28. Qa4 {1-0 (28) Ipatov,A (2581)-Cmilyte,V (2525) Konya 2012}) 18. Bf4 e5 {[%emt 0:00:07] [#]} 19. Nxe5 Bxe5 20. Bxe5 Nxe5 21. Bxb7 ({But not} 21. Rxb7 Rxb7 22. Bxb7 Qc7 $16) 21... Qd4 {[%emt 0:04:57] [#]} 22. Nb5 $1 Qg4 23. Bg2 {[%emt 0:02:34] aiming for Qc3.} ({Reject} 23. Nxa7 Nxg3 24. fxg3 Rxb7 25. Rxb7 Qxg3+ 26. Kh1 Qh3+ 27. Kg1 Qg3+ 28. Kh1 Qxh4+ 29. Kg1 Qg3+ 30. Kh1 Qh4+ 31. Kg1 Qg3+ 32. Kh1 Qh4+ $11) 23... Qxe2 {[%emt 0:06:30] [#]} 24. Nxa7 ({Better is} 24. Qf4 $1 $16 {Black must now prevent Nc3.} Rxb5 25. Rxb5 Qxb5 26. Qxe5) 24... Rxb1 $11 25. Qxb1 Nf3+ 26. Bxf3 Qxf3 27. Qd1 Qa3 (27... Qb7 $5 28. Qa4 Ra8 $11) 28. Qa1 Qxc5 {[%emt 0:00:45] Threatens to win with ...Nxg3.} 29. Rc1 Qd5 {[%emt 0:02:48] ...Nd4 is the strong threat.} 30. Nc6 {[%emt 0:05:55] [#] Inhibits Nd4.} (30. Qa6 $1 $11) 30... Rc8 $1 $40 {[%emt 0:01:56][%mdl 128] White is in trouble.} 31. Nb4 (31. Qa7 $142 Rxc6 32. Rxc6 Qxc6 33. Qxf7+ Ng7 34. Qe7) 31... Qd4 {[%emt 0:00:58] Hoping for ...Rxc1+.} 32. Rb1 (32. Na2 Rxc1+ 33. Qxc1 Nxg3 34. Qc2) 32... Rc3 33. Kg2 Qe4+ 34. Kh2 {[%emt 0:00:35] [#]} Rf3 (34... Nxh4 $142 $1 35. gxh4 Rf3 36. Qa2 Qg4 37. Rb3 Qxh4+ 38. Kg1 Qg4+ 39. Kf1 Qh3+ 40. Ke2 Rxb3 41. Nc2 Qd3+ 42. Ke1 h5 43. Ne3 h4 44. Qxb3 Qxb3 45. Kd2 h3 46. Nf1 Qb4+ 47. Kd1 Qb1+ 48. Ke2 Qb5+ 49. Ke1 h2 50. Nxh2 Qe5+ 51. Kd2 Qxh2 52. Ke3 g5 53. Ke2 g4 54. Ke3 Qg2 55. Kf4 Qxf2+ 56. Ke5 g3 57. Kd5 g2 58. Kc4 g1=Q 59. Kc3 Qc5+ 60. Kb3 Qb1+ 61. Ka4 Qd1#) 35. Qa2 {[%emt 0:00:32] [#]} Nxh4 $1 {[%emt 0:00:39][%cal Of3f4][%mdl 512] ( -> ...Rf4!)} 36. gxh4 (36. Qc2 Qxc2) 36... Qg4 37. Rb3 Qh3+ 38. Kg1 Rxb3 39. Nd5 Qg4+ 40. Kf1 Qd1+ {[%emt 0:00:05] Black used his chance.  Weighted Error Value: White=0.88/Black=0.32} 0-1